MID
BELOIT SNAPPERS @ LEXINGTON LEGENDS
04/01/2045
 
TOP OF THE 1ST
Clinton LumberKings batting - Pitching for Cedar Rapids Kernels : LHP Bobby Molina
Pitching: LHP Bobby Molina
Batting: RHB Josh Mauer 0-0: Called Strike
0-1: Ball
1-1: Foul Ball, location: 2F
1-2: Ball
2-2: Strikes out looking
Batting: RHB Josh Ruhl 0-0: Called Strike
0-1: Ball
1-1: Swinging Strike
1-2: Ball
2-2: Foul Ball, location: 2F
2-2: Ball
3-2: Strikes out swinging
Batting: RHB John Peterson 0-0: Swinging Strike
0-1: Called Strike
0-2: Ball
1-2: Ball
2-2: SOLO HOME RUN (Flyball, 7LD, EV 96.9 MPH), Distance : 343 ft
Batting: LHB Jawad Fahad 0-0: Ball
1-0: Called Strike
1-1: Foul Ball, location: 2F
1-2: DOUBLE (Flyball, 7D, EV 92.5 MPH)
Batting: RHB Justin Colella 0-0: Swinging Strike
0-1: Called Strike
0-2: Foul Ball, location: 2F
0-2: Foul Ball, location: 2F
0-2: Strikes out looking
Top of the 1st over - 1 run, 2 hits, 0 errors, 1 left on base; Clinton 1 - Cedar Rapids 0
BOTTOM OF THE 1ST
Cedar Rapids Kernels batting - Pitching for Clinton LumberKings : RHP Kyle Ridgeway
Pitching: RHP Kyle Ridgeway
Batting: LHB Jim Pankratz 0-0: Swinging Strike
0-1: Swinging Strike
0-2: Foul Ball, location: 2F
0-2: Foul Ball, location: 2F
0-2: Strikes out swinging
Batting: SHB Shohei Fujii 0-0: Ground out U3 (Groundball, 3, EV 84.4 MPH)
Batting: RHB J.J. Powers 0-0: Called Strike
0-1: Ball
1-1: Ball
2-1: Ball
3-1: SINGLE (Groundball, 56D, EV 99.4 MPH)
Batting: RHB Matt Dunn 0-0: Ball
1-0: Called Strike
J.J. Powers steals 2nd base
1-1: Foul Ball, location: 2F
1-2: Foul Ball, location: 2F
1-2: Strikes out swinging
Bottom of the 1st over - 0 runs, 1 hit, 0 errors, 1 left on base; Clinton 1 - Cedar Rapids 0
TOP OF THE 2ND
Clinton LumberKings batting - Pitching for Cedar Rapids Kernels : LHP Bobby Molina
Batting: SHB Raghnall Ahearne 0-0: Ball
1-0: Foul Ball, location: 2F
1-1: Fly out, F7 (Line Drive, 7, EV 98.1 MPH)
Batting: LHB Kenny Gerrity 0-0: Ball
1-0: Foul Ball, location: 2F
1-1: Swinging Strike
1-2: Ball
2-2: Ball
3-2: Foul Ball, location: 2F
3-2: Foul Ball, location: 2F
3-2: Foul Ball, location: 2F
3-2: Base on Balls
Batting: SHB Tony Morales 0-0: Called Strike
0-1: Called Strike
0-2: Foul Ball, location: 2F
0-2: Ball
1-2: Ball
2-2: Fielders Choice at 2nd, 6-4 (Groundball, 6, EV 80.6 MPH)
Batting: RHB Omar Solis 0-0: Ball
1-0: Called Strike
1-1: Ball
Wild Pitch!
Tony Morales to second
2-1: Called Strike
2-2: Ground out 6-3 (Groundball, 4MS, EV 86.9 MPH)
Top of the 2nd over - 0 runs, 0 hits, 0 errors, 1 left on base; Clinton 1 - Cedar Rapids 0
BOTTOM OF THE 2ND
Cedar Rapids Kernels batting - Pitching for Clinton LumberKings : RHP Kyle Ridgeway
Batting: LHB Israel Montoya 0-0: Ball
1-0: Foul Ball, location: 2F
1-1: Swinging Strike
1-2: Ball
2-2: Foul Ball, location: 2F
2-2: Ground out 4-3 (Groundball, 4, EV 105.0 MPH)
Batting: RHB Mike Craver 0-0: Called Strike
0-1: Ball
1-1: Foul Ball, location: 2F
1-2: Ball
2-2: Foul Ball, location: 2F
2-2: Strikes out swinging
Batting: LHB Mike Handrahan 0-0: Ball
1-0: Ball
2-0: Ball
3-0: Base on Balls
Batting: SHB Duri Chilemba 0-0: Ground out 4-3 (Groundball, 4, EV 98.8 MPH)
Bottom of the 2nd over - 0 runs, 0 hits, 0 errors, 1 left on base; Clinton 1 - Cedar Rapids 0
TOP OF THE 3RD
Clinton LumberKings batting - Pitching for Cedar Rapids Kernels : LHP Bobby Molina
Batting: RHB Josh Mauer 0-0: Swinging Strike
0-1: Foul Ball, location: 2F
0-2: Ball
1-2: Strikes out swinging
Batting: RHB Josh Ruhl 0-0: Called Strike
0-1: Swinging Strike
0-2: Ball
1-2: Ball
2-2: Foul Ball, location: 2F
2-2: Foul Ball, location: 2F
2-2: Foul Ball, location: 2F
2-2: Ground out 5-3 (Groundball, 56S, EV 75.0 MPH)
Batting: RHB John Peterson 0-0: Ball
1-0: Ball
2-0: Foul Ball, location: 2F
2-1: Ball
3-1: Base on Balls
Batting: LHB Jawad Fahad 0-0: Ball
1-0: Called Strike
1-1: Ground out 4-3 (Groundball, 4, EV 91.3 MPH)
Top of the 3rd over - 0 runs, 0 hits, 0 errors, 1 left on base; Clinton 1 - Cedar Rapids 0
BOTTOM OF THE 3RD
Cedar Rapids Kernels batting - Pitching for Clinton LumberKings : RHP Kyle Ridgeway
Batting: RHB Jake Wirthlin 0-0: Ball
1-0: Ground out U3 (Groundball, 3, EV 91.9 MPH)
Batting: LHB Jim Pankratz 0-0: Called Strike
0-1: Ball
1-1: Ground out 4-3 (Groundball, 4D, EV 83.8 MPH)
Batting: SHB Shohei Fujii 0-0: Called Strike
0-1: Foul Ball, location: 2F
0-2: Foul Ball, location: 2F
0-2: Strikes out looking
Bottom of the 3rd over - 0 runs, 0 hits, 0 errors, 0 left on base; Clinton 1 - Cedar Rapids 0
TOP OF THE 4TH
Clinton LumberKings batting - Pitching for Cedar Rapids Kernels : LHP Bobby Molina
Batting: RHB Justin Colella 0-0: Ball
1-0: Ball
2-0: Ball
3-0: Called Strike
3-1: Base on Balls
Batting: SHB Raghnall Ahearne 0-0: Ball
1-0: Fly out, F7 (Flyball, 7S, EV 80.0 MPH)
Batting: LHB Kenny Gerrity 0-0: Fly out, F7 (Flyball, 7LM, EV 90.6 MPH)
Batting: SHB Tony Morales 0-0: Swinging Strike
0-1: Fly out, F9 (Line Drive, 9, EV 90.6 MPH)
Top of the 4th over - 0 runs, 0 hits, 0 errors, 1 left on base; Clinton 1 - Cedar Rapids 0
BOTTOM OF THE 4TH
Cedar Rapids Kernels batting - Pitching for Clinton LumberKings : RHP Kyle Ridgeway
Batting: RHB J.J. Powers 0-0: Ball
1-0: Ball
2-0: Ball
3-0: Called Strike
3-1: Swinging Strike
3-2: Base on Balls
Batting: RHB Matt Dunn 0-0: Ball
J.J. Powers is caught stealing 2nd base 2-4
1-0: Called Strike
1-1: Swinging Strike
1-2: Foul Ball, location: 2F
1-2: Strikes out swinging
Batting: LHB Israel Montoya 0-0: Called Strike
0-1: Called Strike
0-2: Ball
1-2: Foul Ball, location: 2F
1-2: Strikes out looking
Bottom of the 4th over - 0 runs, 0 hits, 0 errors, 0 left on base; Clinton 1 - Cedar Rapids 0
TOP OF THE 5TH
Clinton LumberKings batting - Pitching for Cedar Rapids Kernels : LHP Bobby Molina
Batting: RHB Omar Solis 0-0: Swinging Strike
0-1: Ball
1-1: Ball
2-1: Ball
3-1: Base on Balls
Pitching: RHP Edwin Sanchez
Batting: RHB Josh Mauer 0-0: Ball
1-0: Called Strike
1-1: Foul Ball, location: 2F
1-2: Ball
2-2: Foul Ball, location: 2F
2-2: Grounds into double play, 6-4-3 (Groundball, 6, EV 84.4 MPH)
Batting: RHB Josh Ruhl 0-0: Swinging Strike
0-1: Ground out 6-3 (Groundball, 6, EV 80.6 MPH)
Top of the 5th over - 0 runs, 0 hits, 0 errors, 0 left on base; Clinton 1 - Cedar Rapids 0
BOTTOM OF THE 5TH
Cedar Rapids Kernels batting - Pitching for Clinton LumberKings : RHP Kyle Ridgeway
Batting: RHB Mike Craver 0-0: Reached on error, E3 (Popup, 3S, EV 69.4 MPH)
Batting: LHB Mike Handrahan 0-0: Foul Ball, location: 2F
0-1: Ball
1-1: Foul Ball, location: 2F
1-2: Foul Ball, location: 2F
1-2: Ball
Mike Craver is caught stealing 2nd base 2-6
2-2: SINGLE (Line Drive, 78M, EV 110.6 MPH)
Batting: SHB Duri Chilemba 0-0: Swinging Strike
0-1: Foul Ball, location: 2F
0-2: Ball
1-2: Ball
2-2: Foul Ball, location: 2F
2-2: Foul Ball, location: 2F
2-2: Ball
3-2: Strikes out swinging
Batting: RHB Jake Wirthlin 0-0: Ball
1-0: Called Strike
1-1: Called Strike
1-2: Strikes out looking
Bottom of the 5th over - 0 runs, 1 hit, 1 error, 1 left on base; Clinton 1 - Cedar Rapids 0
TOP OF THE 6TH
Clinton LumberKings batting - Pitching for Cedar Rapids Kernels : RHP Edwin Sanchez
Batting: RHB John Peterson 0-0: Ball
1-0: Ball
2-0: Swinging Strike
2-1: Ball
3-1: Foul Ball, location: 2F
3-2: Strikes out swinging
Batting: LHB Jawad Fahad 0-0: Called Strike
0-1: Ball
1-1: Fly out, F8 (Line Drive, 8LM, EV 96.9 MPH)
Batting: RHB Justin Colella 0-0: Fly out, F7 (Flyball, 78S, EV 83.1 MPH)
Top of the 6th over - 0 runs, 0 hits, 0 errors, 0 left on base; Clinton 1 - Cedar Rapids 0
BOTTOM OF THE 6TH
Cedar Rapids Kernels batting - Pitching for Clinton LumberKings : RHP Kyle Ridgeway
Batting: LHB Jim Pankratz 0-0: Ball
1-0: Called Strike
1-1: Called Strike
1-2: Ball
2-2: Ball
3-2: Foul Ball, location: 2F
3-2: SINGLE (Groundball, 4M, EV 103.8 MPH) (infield hit)
Pitching: RHP Jace Daniels
Batting: SHB Shohei Fujii 0-0: Called Strike
0-1: Called Strike
0-2: Foul Ball, location: 2F
0-2: Ball
1-2: Strikes out swinging
Batting: RHB J.J. Powers 0-0: Called Strike
0-1: Ball
1-1: Ball
2-1: Fly out, F8 (Line Drive, 8RD, EV 85.6 MPH)
Batting: RHB Matt Dunn 0-0: Called Strike
Jim Pankratz steals 2nd base
0-1: SINGLE (Groundball, 56D, EV 106.3 MPH)
Jim Pankratz to third
Runner from 3rd tries for Home, SAFE, throw by LF to home
Batting: LHB Israel Montoya 0-0: Called Strike
Matt Dunn steals 2nd base
0-1: Foul Ball, location: 2F
0-2: Strikes out swinging
Bottom of the 6th over - 1 run, 2 hits, 0 errors, 1 left on base; Clinton 1 - Cedar Rapids 1
TOP OF THE 7TH
Clinton LumberKings batting - Pitching for Cedar Rapids Kernels : RHP Edwin Sanchez
Batting: SHB Raghnall Ahearne 0-0: Called Strike
0-1: Foul Ball, location: 2F
0-2: SINGLE (Line Drive, 78S, EV 101.9 MPH)
Batting: LHB Kenny Gerrity 0-0: Ball
Raghnall Ahearne is caught stealing 2nd base 2-6
1-0: Ball
2-0: Ball
3-0: Called Strike
3-1: Base on Balls
Batting: SHB Tony Morales 0-0: Ball
1-0: Ball
2-0: Ball
3-0: Called Strike
3-1: Base on Balls
Kenny Gerrity to second
Pinch Hitting: LHB Omar Colunga 0-0: Ball
1-0: Ball
2-0: DOUBLE (Line Drive, 7LM, EV 103.1 MPH)
Kenny Gerrity scores
Tony Morales to third
Runner from 3rd tries for Home, SAFE, no throw by LF
Batting: RHB Josh Mauer 0-0: Called Strike
0-1: Ball
1-1: Ball
2-1: Ball
Wild Pitch!
Omar Colunga to third
3-1: Base on Balls
Batting: RHB Josh Ruhl 0-0: Called Strike
0-1: Ball
1-1: Called Strike
Josh Mauer steals 2nd base
1-2: Foul Ball, location: 2F
1-2: Ball
2-2: Foul Ball, location: 2F
2-2: Foul Ball, location: 2F
2-2: Ball
3-2: Foul Ball, location: 2F
3-2: Foul Ball, location: 2F
3-2: Base on Balls
Pitching: RHP Bruce Wight
Batting: RHB John Peterson 0-0: Ball
1-0: Ball
2-0: Foul Ball, location: 2F
2-1: SINGLE (Line Drive, 56, EV 104.4 MPH)
Omar Colunga scores
Josh Mauer to third
Josh Ruhl to second
Runner from 3rd tries for Home, SAFE, throw by LF to home
Batting: LHB Jawad Fahad 0-0: Called Strike
0-1: Foul Ball, location: 2F
0-2: Ball
1-2: Ball
2-2: Strikes out looking
Batting: RHB Justin Colella 0-0: Swinging Strike
0-1: Ball
1-1: Ground out U3 (Groundball, 23, EV 83.1 MPH)
Top of the 7th over - 4 runs, 3 hits, 0 errors, 2 left on base; Clinton 5 - Cedar Rapids 1
BOTTOM OF THE 7TH
Cedar Rapids Kernels batting - Pitching for Clinton LumberKings : RHP Jace Daniels
Now at SS: Ryan Clark
Batting: RHB Mike Craver 0-0: Called Strike
0-1: Ground out 4-3 (Groundball, 4, EV 93.1 MPH)
Batting: LHB Mike Handrahan 0-0: Called Strike
0-1: Swinging Strike
0-2: Ball
1-2: Ball
2-2: Ball
3-2: Foul Ball, location: 2F
3-2: Base on Balls
Batting: SHB Duri Chilemba 0-0: Called Strike
0-1: Foul Ball, location: 2F
0-2: Ball
1-2: Foul Ball, location: 2F
1-2: Ball
2-2: Foul Ball, location: 2F
2-2: Foul Ball, location: 2F
2-2: SINGLE (Groundball, 6D, EV 103.1 MPH)
Mike Handrahan to second
Batting: RHB Jake Wirthlin 0-0: Called Strike
0-1: Grounds into double play, 4-6-3 (Groundball, 34, EV 83.1 MPH)
Bottom of the 7th over - 0 runs, 1 hit, 0 errors, 1 left on base; Clinton 5 - Cedar Rapids 1
TOP OF THE 8TH
Clinton LumberKings batting - Pitching for Cedar Rapids Kernels : RHP Bruce Wight
Batting: SHB Raghnall Ahearne 0-0: Ball
1-0: Foul Ball, location: 2F
1-1: Ground out U3 (Groundball, 3, EV 108.8 MPH)
Batting: LHB Kenny Gerrity 0-0: Ground out 4-3 (Groundball, 34, EV 102.5 MPH)
Batting: SHB Tony Morales 0-0: Foul Ball, location: 2F
0-1: Ball
1-1: Called Strike
1-2: Strikes out swinging
Top of the 8th over - 0 runs, 0 hits, 0 errors, 0 left on base; Clinton 5 - Cedar Rapids 1
BOTTOM OF THE 8TH
Cedar Rapids Kernels batting - Pitching for Clinton LumberKings : RHP Jace Daniels
Pitching: RHP Rob Henry
Batting: LHB Jim Pankratz 0-0: Swinging Strike
0-1: Swinging Strike
0-2: Foul Ball, location: 2F
0-2: Ball
1-2: Ball
2-2: Ball
3-2: Ground out 6-3 (Groundball, 6, EV 88.8 MPH)
Batting: SHB Shohei Fujii 0-0: Foul Ball, location: 2F
0-1: Ball
1-1: Foul Ball, location: 2F
1-2: Ball
2-2: Strikes out swinging
Batting: RHB J.J. Powers 0-0: Called Strike
0-1: Ball
1-1: Ball
2-1: Foul Ball, location: 2F
2-2: Foul Ball, location: 2F
2-2: Ball
3-2: SINGLE (Groundball, 25, EV 69.4 MPH) (infield hit)
Batting: RHB Matt Dunn 0-0: Called Strike
0-1: Called Strike
0-2: Ball
1-2: Ball
2-2: Ball
3-2: Fly out, F7 (Flyball, 7LD, EV 75.6 MPH)
Bottom of the 8th over - 0 runs, 1 hit, 0 errors, 1 left on base; Clinton 5 - Cedar Rapids 1
TOP OF THE 9TH
Clinton LumberKings batting - Pitching for Cedar Rapids Kernels : RHP Bruce Wight
Batting: SHB Ryan Clark 0-0: Ball
1-0: Called Strike
1-1: Foul Ball, location: 2F
1-2: Foul Ball, location: 2F
1-2: Strikes out looking
Batting: RHB Josh Mauer 0-0: Ground out 5-3 (Groundball, 56, EV 88.8 MPH)
Batting: RHB Josh Ruhl 0-0: Called Strike
0-1: Swinging Strike
0-2: Strikes out swinging
Top of the 9th over - 0 runs, 0 hits, 0 errors, 0 left on base; Clinton 5 - Cedar Rapids 1
BOTTOM OF THE 9TH
Cedar Rapids Kernels batting - Pitching for Clinton LumberKings : RHP Rob Henry
Pitching: RHP Willie Sanchez
Batting: LHB Israel Montoya 0-0: Ball
1-0: Swinging Strike
1-1: Foul Ball, location: 2F
1-2: Ball
2-2: Foul Ball, location: 2F
2-2: TRIPLE (Flyball, 8RXD, EV 94.4 MPH)
Batting: RHB Mike Craver 0-0: Called Strike
0-1: Foul Ball, location: 2F
0-2: Strikes out swinging
Batting: LHB Mike Handrahan 0-0: Called Strike
0-1: Swinging Strike
0-2: Ball
1-2: Ground out 4-3 (Groundball, 34D, EV 85.0 MPH)
Israel Montoya scores
Batting: SHB Duri Chilemba 0-0: Foul Ball, location: 2F
0-1: Fly out, F5 (Line Drive, 56, EV 96.9 MPH)
Bottom of the 9th over - 1 run, 1 hit, 0 errors, 0 left on base; Clinton 5 - Cedar Rapids 2
Wednesday, June 22nd , 2022 - OOTP Baseball 23.4 Build 64